 Dungeon Crawl Stone Soup version 0.31-a0-177-g4aa6249778 (webtiles) character file.

Game seed: 1597455447583296835

4617 qw the Skirmisher (level 10, 0/94 HPs)
             Began as a Naga Hunter on June 18, 2023.
             Was a Believer of Okawaru.
             Slain by a komodo dragon (10 damage)
             ... on level 1 of the Lair of Beasts.
             The game lasted 00:02:54 (6804 turns).

qw the Skirmisher (Naga Hunter)                     Turns: 6804, Time: 00:02:55

Health: 0/94       AC: 26    Str: 13    XL:     10   Next: 42%
Magic:  12/13      EV: 12    Int: 10    God:    Okawaru [**....]
Gold:   359        SH:  5    Dex: 19    Spells: 9/9 levels left

rFire   . . .        Y - +0 arbalest (flame)
rCold   . . .        (shield currently unavailable)
rNeg    . . .        k - +3 leather armour
rPois   +            g - +1 helmet
rElec   .            d - +0 cloak
rCorr   +            f - +1 pair of gloves
SInv    +            j - +0 barding
Will    +....        n - amulet of reflection
Stlth   +++          b - +4 ring of protection
HPRegen 0.35/turn    i - ring of resist corrosion
MPRegen 0.13/turn

%: reflection
@: lethally poisoned (0 -> -2), about to teleport, heroic, frozen, very slow
A: AC +3, large, see invisible, deformed body, poison resistance, slowness 2,
spit poison 1, naga tail 1, iridescent scales 1
a: Spit Poison, Renounce Religion, Heroism


You were on level 1 of the Lair of Beasts.
You worshipped Okawaru.
Okawaru was pleased with you.
You visited 3 branches of the dungeon, and saw 13 of its levels.

You collected 537 gold pieces.
You spent 178 gold pieces at shops.


Innate Abilities, Weirdness & Mutations

Your serpentine skin is tough. (AC +3)
You have supernaturally acute eyesight. (SInv)
Armour fits poorly on your strangely shaped body.
Your system is resistant to poisons. (rPois)
You cover ground very slowly.
You can spit poison.
You have a snake-like lower body.
You are partially covered in iridescent scales. (AC +2)


   Skills:
 - Level 7.1(12.1) Fighting
 - Level 11.0(16.0) Ranged Weapons
 - Level 3.2(8.2) Armour
 + Level 3.8(8.8) Dodging
 - Level 1.5(6.5) Stealth
 - Level 4.0 Invocations


You had 9 spell levels left.
You didn't know any spells.
Your spell library was empty.

Inventory:

Hand Weapons
 Y - a +0 arbalest of flaming (weapon)
Armour
 d - a +0 cloak (worn)
 f - a +1 pair of gloves (worn)
 g - a +1 helmet (worn)
 j - a +0 barding (worn)
 k - a +3 leather armour (worn)
Jewellery
 b - a +4 ring of protection (left hand)
 i - a ring of resist corrosion (right hand)
 n - an amulet of reflection (around neck)
Scrolls
 h - a scroll of identify
 r - 3 scrolls of teleportation
Potions
 a - a potion of mutation
 e - a potion of enlightenment
 l - a potion of might
 m - a potion of heal wounds {unknown}
 o - 4 potions of curing

Dungeon Overview and Level Annotations

Branches:
Dungeon (11/15)            Temple (1/1) D:7            Lair (1/5) D:8
    Orc (0/2) D:9

Altars:
Ashenzari
Cheibriados
Dithmenos
Elyvilon
Fedhas
Gozag
Hepliaklqana
Kikubaaqudgha
Makhleb
Nemelex Xobeh
Okawaru
Qazlal
Ru
Sif Muna
Trog
Uskayaw
Vehumet
Wu Jian
Xom
Yredelemnul
Zin
The Shining One

Shops:
D:2 (   D:4 !

Annotations:
D:5 1 runed translucent door, Crazy Yiuf


Message History

You shoot a bolt.
The bolt closely misses the black mamba.
The bolt misses the blink frog.
You feel very sick. You block the black mamba's attack.
A blink frog comes into view.
The rime drake bites you. The cane toad closely misses you.
You block the black mamba's attack.
You shoot a bolt. The blink frog croaks.
The bolt hits the black mamba!
The bolt burns the black mamba.
You kill the black mamba!
Okawaru accepts your kill.
You feel very sick.
The rime drake bites you but does no damage.
The komodo dragon bites you!! The cane toad misses you.
6802 ||| Stepping ~*~*~tactically~*~*~ (outnumbered).
The komodo dragon attacks as you move away!
The komodo dragon bites you! The ice encasing you melts away.
You feel very sick.
The blink frog blinks!
The rime drake breathes ice at you. The icy flash freeze hits you.
You are encased in ice.
The blink frog blinks!
The cane toad stings you but does no damage.
The komodo dragon barely misses you.
The blink frog blinks!
You shoot a bolt.
The bolt hits the cane toad but does no damage.
You have got your breath back.
You feel sick. The cane toad stings you!
The komodo dragon bites you but does no damage.
The cane toad stings you but does no damage.
6804 ||| READING 4 scrolls of teleportation.
As you read the scroll of teleportation, it crumbles to dust.
You feel strangely unstable.
You feel sick.
The blink frog blinks! x2; You block the rime drake's attack.
The komodo dragon bites you!
You die...

..P #......#.#
#......#..
.........#
#......#.#
.....#.# .Yl#.##
######.#@.#
....>..Flk#
........F## ..
..F..¤¤..# ....
........F# ...
.........#
.###.............#
...#....##...#..F#
........#.(......#


You could see a komodo dragon, a cane toad, 4 blink frogs and a rime drake.

Vanquished Creatures
  A black mamba (Lair:1)
  A komodo dragon (Lair:1)
  2 hornets
  A steam dragon (D:8)
  6 water moccasins
  2 orc warriors
  3 black bears
  A sky beast (D:8)
  An ogre (D:8)
  5 centaurs
  A kobold brigand (D:9)
  4 bullfrogs
  A gnoll sergeant (D:7)
  3 scorpions
  5 wights (D:8)
  5 jellies
  2 electric eels (D:8)
  6 orc priests
  A hound (D:5)
  A gnoll bouda (D:5)
  4 iguanas
  4 orc wizards
  13 adders
  7 gnolls
  A white imp (D:6)
  An ufetubus (D:4)
  2 worms (D:2)
  2 dart slugs
  51 orcs
  8 ball pythons
  7 endoplasms
  4 giant cockroaches
  10 goblins
  2 hobgoblins
  10 jackals
  4 quokkas
  A bat (D:1)
  2 frilled lizards
  8 kobolds
  6 rats
199 creatures vanquished.

Notes
Turn   | Place    | Note
-------+----------+-------------------------------------------
     0 | D:1      | qw the Naga Hunter began the quest for the Orb.
     0 | D:1      | Reached XP level 1. HP: 19/19 MP: 1/1
     0 | D:1      | 0 ||| qw: Version: 0.3-a-5-g6f28e65
     0 | D:1      | 0 ||| qw: Game counter: 562
     0 | D:1      | 0 ||| qw: Always use a shield: true
     0 | D:1      | 0 ||| qw: God list: Okawaru
     0 | D:1      | 0 ||| qw: Allow faded altars: false
     0 | D:1      | 0 ||| qw: Do Orc after D:15 true
     0 | D:1      | 0 ||| qw: Do second Lair branch before Depths: true
     0 | D:1      | 0 ||| qw: Lair rune preference: random
     0 | D:1      | 0 ||| qw: Plans: Normal
     0 | D:1      | 0 ||| PLANNING D:1-11
    53 | D:1      | 53 ||| INVOKING Spit Poison.
    66 | D:1      | 66 ||| INVOKING Spit Poison.
    71 | D:1      | 71 ||| INVOKING Spit Poison.
    75 | D:1      | 75 ||| INVOKING Spit Poison.
   165 | D:1      | 165 ||| INVOKING Spit Poison.
   166 | D:1      | Reached skill level 4 in Ranged Weapons
   166 | D:1      | Reached XP level 2. HP: 26/26 MP: 2/2
   313 | D:1      | 313 ||| INVOKING Spit Poison.
   441 | D:1      | 441 ||| INVOKING Spit Poison.
   447 | D:1      | 447 ||| INVOKING Spit Poison.
   458 | D:1      | 458 ||| INVOKING Spit Poison.
   464 | D:1      | 464 ||| INVOKING Spit Poison.
   483 | D:1      | 483 ||| INVOKING Spit Poison.
   655 | D:1      | 655 ||| INVOKING Spit Poison.
   736 | D:1      | 736 ||| READING scroll labelled LOETHR WAABAOSA.
   737 | D:1      | 737 ||| READING scroll labelled HIGROZX JUMPAF.
   738 | D:1      | 738 ||| DROPPING scroll of butterflies.
   767 | D:2      | Found a faded altar of an unknown god.
   768 | D:2      | 768 ||| INVOKING Spit Poison.
   772 | D:2      | 772 ||| INVOKING Spit Poison.
   775 | D:2      | Reached XP level 3. HP: 32/32 MP: 3/3
   817 | D:2      | Found a hazy altar of Hepliaklqana.
   826 | D:2      | 826 ||| INVOKING Spit Poison.
   845 | D:2      | 845 ||| INVOKING Spit Poison.
   859 | D:2      | 859 ||| INVOKING Spit Poison.
   876 | D:2      | 876 ||| INVOKING Spit Poison.
   951 | D:2      | 951 ||| INVOKING Spit Poison.
   970 | D:2      | 970 ||| INVOKING Spit Poison.
   974 | D:2      | 974 ||| INVOKING Spit Poison.
   975 | D:2      | Reached skill level 5 in Ranged Weapons
   975 | D:2      | Reached XP level 4. HP: 35/39 MP: 4/4
  1052 | D:2      | 1052 ||| INVOKING Spit Poison.
  1058 | D:2      | 1058 ||| FLEEEEING.
  1059 | D:2      | 1059 ||| FLEEEEING.
  1060 | D:2      | 1060 ||| FLEEEEING.
  1061 | D:2      | 1061 ||| FLEEEEING.
  1062 | D:2      | 1062 ||| FLEEEEING.
  1063 | D:2      | 1063 ||| FLEEEEING.
  1064 | D:2      | 1064 ||| INVOKING Spit Poison.
  1113 | D:2      | 1113 ||| INVOKING Spit Poison.
  1329 | D:2      | 1329 ||| INVOKING Spit Poison.
  1342 | D:2      | Found Leink's Weapon Emporium.
  1351 | D:2      | 1351 ||| BUYING +0 orcbow (35 gold).
  1351 | D:2      | Bought a +0 orcbow for 35 gold pieces
  1351 | D:2      | 1351 ||| SWAPPING to +0 orcbow.
  1352 | D:2      | 1352 ||| DROPPING +0 shortbow.
  1353 | D:2      | 1353 ||| UPGRADING to +1 helmet.
  1358 | D:2      | 1358 ||| DROPPING ring of magical power.
  1359 | D:2      | 1359 ||| READING scroll labelled XUROET POTITT.
  1360 | D:2      | 1360 ||| READING scroll labelled NIR QODETHONY.
  1361 | D:2      | 1361 ||| READING scroll labelled ZEMAIC TOBAK.
  1362 | D:2      | 1362 ||| DRINKING 2 fizzy inky potions.
  1362 | D:2      | Gained mutation: You are partially covered in iridescent
                  | scales. (AC +2) [potion of mutation]
  1406 | D:3      | 1406 ||| INVOKING Spit Poison.
  1418 | D:3      | 1418 ||| INVOKING Spit Poison.
  1422 | D:3      | 1422 ||| INVOKING Spit Poison.
  1426 | D:3      | 1426 ||| INVOKING Spit Poison.
  1446 | D:3      | 1446 ||| INVOKING Spit Poison.
  1449 | D:3      | Reached skill level 3 in Fighting
  1462 | D:3      | Found a basalt altar of Yredelemnul.
  1463 | D:3      | 1463 ||| INVOKING Spit Poison.
  1487 | D:3      | Found a shimmering blue altar of Sif Muna.
  1490 | D:3      | 1490 ||| INVOKING Spit Poison.
  1493 | D:3      | 1493 ||| INVOKING Spit Poison.
  1501 | D:3      | 1501 ||| INVOKING Spit Poison.
  1508 | D:3      | 1508 ||| INVOKING Spit Poison.
  1514 | D:3      | 1514 ||| INVOKING Spit Poison.
  1518 | D:3      | 1518 ||| Stepping ~*~*~tactically~*~*~ (outnumbered).
  1519 | D:3      | 1519 ||| INVOKING Spit Poison.
  1521 | D:3      | Reached XP level 5. HP: 32/49 MP: 5/5
  1522 | D:3      | 1522 ||| INVOKING Spit Poison.
  1526 | D:3      | HP: 9/49 [orc priest/+0 mace (6)]
  1527 | D:3      | HP: 4/49 [orc priest/+0 mace (4)]
  1528 | D:3      | 1528 ||| INVOKING Spit Poison.
  1797 | D:3      | 1797 ||| INVOKING Spit Poison.
  1806 | D:3      | Found a sacrificial altar of Ru.
  1831 | D:3      | Found a hide-covered altar of Uskayaw.
  1833 | D:3      | Found a snail-covered altar of Cheibriados.
  1878 | D:3      | 1878 ||| INVOKING Spit Poison.
  1958 | D:3      | 1958 ||| UPGRADING to +0 pair of gloves.
  1963 | D:3      | 1963 ||| READING scroll labelled PUPEN YXKUCY.
  1964 | D:3      | 1964 ||| READING scroll labelled BOORHU OTYUNE.
  1968 | D:3      | 1968 ||| DRINKING 2 metallic emerald potions.
  2003 | D:3      | 2003 ||| DROPPING potion of lignification.
  2007 | D:4      | 2007 ||| INVOKING Spit Poison.
  2013 | D:4      | 2013 ||| INVOKING Spit Poison.
  2033 | D:4      | 2033 ||| INVOKING Spit Poison.
  2074 | D:4      | 2074 ||| INVOKING Spit Poison.
  2078 | D:4      | 2078 ||| INVOKING Spit Poison.
  2081 | D:4      | Reached skill level 6 in Ranged Weapons
  2081 | D:4      | Reached XP level 6. HP: 56/56 MP: 6/6
  2083 | D:4      | 2083 ||| INVOKING Spit Poison.
  2089 | D:4      | 2089 ||| INVOKING Spit Poison.
  2093 | D:4      | 2093 ||| INVOKING Spit Poison.
  2096 | D:4      | 2096 ||| INVOKING Spit Poison.
  2109 | D:4      | Noticed a black bear
  2111 | D:4      | 2111 ||| INVOKING Spit Poison.
  2115 | D:4      | 2115 ||| INVOKING Spit Poison.
  2120 | D:4      | Killed a black bear
  2126 | D:4      | 2126 ||| INVOKING Spit Poison.
  2129 | D:4      | 2129 ||| INVOKING Spit Poison.
  2157 | D:4      | 2157 ||| INVOKING Spit Poison.
  2173 | D:4      | 2173 ||| INVOKING Spit Poison.
  2174 | D:4      | Reached XP level 7. HP: 64/64 MP: 7/7
  2180 | D:4      | 2180 ||| INVOKING Spit Poison.
  2184 | D:4      | 2184 ||| INVOKING Spit Poison.
  2191 | D:4      | 2191 ||| INVOKING Spit Poison.
  2195 | D:4      | 2195 ||| INVOKING Spit Poison.
  2201 | D:4      | 2201 ||| INVOKING Spit Poison.
  2207 | D:4      | 2207 ||| INVOKING Spit Poison.
  2423 | D:4      | 2423 ||| INVOKING Spit Poison.
  2428 | D:4      | 2428 ||| INVOKING Spit Poison.
  2434 | D:4      | 2434 ||| INVOKING Spit Poison.
  2485 | D:4      | 2485 ||| INVOKING Spit Poison.
  2494 | D:4      | 2494 ||| INVOKING Spit Poison.
  2502 | D:4      | Found Pyoskel's Distillery.
  2511 | D:4      | 2511 ||| SHOPLISTING 2 potions of mutation (208 gold, have
                  | 192).
  2511 | D:4      | 2511 ||| BUYING potion of cancellation (104 gold).
  2511 | D:4      | Bought a potion of cancellation for 104 gold pieces
  2511 | D:4      | 2511 ||| BUYING potion of curing (39 gold).
  2511 | D:4      | Bought a potion of curing for 39 gold pieces
  2511 | D:4      | 2511 ||| SHOPLISTING potion of haste (130 gold, have 49).
  2511 | D:4      | 2511 ||| SHOPLISTING potion of might (52 gold, have 49).
  2574 | D:4      | 2574 ||| INVOKING Spit Poison.
  2856 | D:4      | 2856 ||| UPGRADING to +4 ring of protection.
  2857 | D:4      | 2857 ||| DROPPING ring of wizardry.
  2858 | D:4      | 2858 ||| READING scroll labelled OLODWY NIPO.
  2859 | D:4      | 2859 ||| READING 2 scrolls labelled KARIOP WOSECSO.
  2860 | D:4      | 2860 ||| READING scroll of enchant armour.
  2860 | D:4      | 2860 ||| ENCHANTING +0 pair of gloves.
  2861 | D:4      | 2861 ||| READING scroll labelled CABLUQ UCHOSIE.
  2862 | D:4      | 2862 ||| READING 2 scrolls of identify.
  2862 | D:4      | 2862 ||| IDENTIFYING metallic blue potion
  2863 | D:4      | 2863 ||| DROPPING potion of berserk rage.
  2911 | D:5      | Entered Level 5 of the Dungeon
  2915 | D:5      | 2915 ||| INVOKING Spit Poison.
  2917 | D:5      | Reached skill level 7 in Ranged Weapons
  2920 | D:5      | 2920 ||| INVOKING Spit Poison.
  2925 | D:5      | 2925 ||| INVOKING Spit Poison.
  3098 | D:5      | 3098 ||| INVOKING Spit Poison.
  3104 | D:5      | 3104 ||| INVOKING Spit Poison.
  3129 | D:5      | 3129 ||| INVOKING Spit Poison.
  3135 | D:5      | Reached skill level 1 in Armour
  3151 | D:5      | Found a runed translucent door.
  3152 | D:5      | Noticed Crazy Yiuf
  3195 | D:5      | 3195 ||| INVOKING Spit Poison.
  3217 | D:5      | 3217 ||| INVOKING Spit Poison.
  3220 | D:5      | 3220 ||| INVOKING Spit Poison.
  3227 | D:5      | 3227 ||| INVOKING Spit Poison.
  3232 | D:5      | 3232 ||| INVOKING Spit Poison.
  3238 | D:5      | 3238 ||| INVOKING Spit Poison.
  3478 | D:5      | 3478 ||| INVOKING Spit Poison.
  3481 | D:5      | 3481 ||| INVOKING Spit Poison.
  3544 | D:5      | 3544 ||| INVOKING Spit Poison.
  3764 | D:5      | 3764 ||| UPGRADING to +0 cloak.
  3769 | D:5      | 3769 ||| DRINKING 2 fizzy dark potions.
  3770 | D:5      | 3770 ||| READING 2 scrolls of identify.
  3770 | D:5      | 3770 ||| IDENTIFYING white potion
  3771 | D:5      | 3771 ||| DROPPING potion of brilliance.
  3800 | D:6      | 3800 ||| INVOKING Spit Poison.
  3829 | D:6      | 3829 ||| INVOKING Spit Poison.
  3832 | D:6      | 3832 ||| INVOKING Spit Poison.
  3834 | D:6      | Reached XP level 8. HP: 72/72 MP: 8/8
  3852 | D:6      | Reached skill level 8 in Ranged Weapons
  3862 | D:6      | 3862 ||| INVOKING Spit Poison.
  3866 | D:6      | 3866 ||| INVOKING Spit Poison.
  3942 | D:6      | 3942 ||| INVOKING Spit Poison.
  4002 | D:6      | 4002 ||| READING scroll of enchant weapon.
  4002 | D:6      | 4002 ||| ENCHANTING +1 orcbow.
  4170 | D:6      | 4170 ||| SWAPPING to +0 arbalest.
  4171 | D:6      | 4171 ||| DROPPING +2 orcbow.
  4359 | D:6      | 4359 ||| INVOKING Spit Poison.
  4365 | D:6      | 4365 ||| INVOKING Spit Poison.
  4369 | D:6      | 4369 ||| INVOKING Spit Poison.
  4372 | D:6      | 4372 ||| INVOKING Spit Poison.
  4450 | D:6      | 4450 ||| INVOKING Spit Poison.
  4517 | D:6      | 4517 ||| INVOKING Spit Poison.
  4526 | D:6      | 4526 ||| READING scroll labelled DAJEDADAPH.
  4527 | D:6      | 4527 ||| READING 2 scrolls labelled NAYNWI OFITA.
  4528 | D:6      | 4528 ||| READING 2 scrolls of identify.
  4528 | D:6      | 4528 ||| IDENTIFYING orange potion
  4529 | D:6      | 4529 ||| DROPPING potion of degeneration.
  4530 | D:6      | 4530 ||| DROPPING scroll of immolation.
  4620 | D:7      | 4620 ||| INVOKING Spit Poison.
  4624 | D:7      | 4624 ||| INVOKING Spit Poison.
  4629 | D:7      | 4629 ||| INVOKING Spit Poison.
  4632 | D:7      | 4632 ||| INVOKING Spit Poison.
  4650 | D:7      | 4650 ||| INVOKING Spit Poison.
  4685 | D:7      | 4685 ||| INVOKING Spit Poison.
  4779 | D:7      | Found a glowing silver altar of Zin.
  4793 | D:7      | 4793 ||| Stepping ~*~*~tactically~*~*~ (outnumbered).
  4795 | D:7      | 4795 ||| INVOKING Spit Poison.
  4799 | D:7      | 4799 ||| INVOKING Spit Poison.
  4804 | D:7      | 4804 ||| INVOKING Spit Poison.
  4900 | D:7      | Found a blossoming altar of Fedhas.
  4910 | D:7      | Reached skill level 9 in Ranged Weapons
  4955 | D:7      | 4955 ||| INVOKING Spit Poison.
  4957 | D:7      | Reached skill level 6 in Fighting
  4993 | D:7      | 4993 ||| INVOKING Spit Poison.
  4995 | D:7      | Reached XP level 9. HP: 58/82 MP: 9/9
  5099 | D:7      | 5099 ||| INVOKING Spit Poison.
  5103 | D:7      | Reached skill level 3 in Dodging
  5185 | D:7      | Noticed a hornet
  5186 | D:7      | 5186 ||| INVOKING Spit Poison.
  5188 | D:7      | Killed a hornet
  5309 | D:7      | 5309 ||| INVOKING Spit Poison.
  5313 | D:7      | 5313 ||| INVOKING Spit Poison.
  5353 | D:7      | Found a staircase to the Ecumenical Temple.
  5354 | D:7      | 5354 ||| PLANNING TEMPLE
  5354 | D:7      | 5354 ||| UPGRADING to amulet of reflection.
  5359 | D:7      | 5359 ||| DROPPING amulet of magic regeneration.
  5360 | D:7      | 5360 ||| UPGRADING to ring of resist corrosion.
  5361 | D:7      | 5361 ||| READING scroll labelled YPREKI NUPEISO.
  5362 | D:7      | 5362 ||| DRINKING 2 fizzy pink potions.
  5363 | D:7      | 5363 ||| READING 2 scrolls of identify.
  5363 | D:7      | 5363 ||| IDENTIFYING murky red potion
  5364 | D:7      | 5364 ||| DROPPING potion of attraction.
  5370 | Temple   | Entered the Ecumenical Temple
  5404 | Temple   | 5404 ||| PLANNING OKAWARU WORSHIP
  5464 | Temple   | Became a worshipper of Warmaster Okawaru
  5465 | Temple   | 5465 ||| PLANNING D:1-11
  5545 | D:7      | Reached skill level 10 in Ranged Weapons
  5660 | D:8      | 5660 ||| INVOKING Spit Poison.
  5664 | D:8      | 5664 ||| INVOKING Spit Poison.
  5706 | D:8      | Found a broken altar of Ashenzari.
  5765 | D:8      | 5765 ||| INVOKING Spit Poison.
  5770 | D:8      | 5770 ||| Stepping ~*~*~tactically~*~*~ (outnumbered).
  5771 | D:8      | 5771 ||| INVOKING Spit Poison.
  5775 | D:8      | 5775 ||| INVOKING Spit Poison.
  5780 | D:8      | 5780 ||| INVOKING Spit Poison.
  5783 | D:8      | Reached * piety under Okawaru
  5784 | D:8      | 5784 ||| INVOKING Heroism.
  5785 | D:8      | 5785 ||| INVOKING Spit Poison.
  5790 | D:8      | 5790 ||| Stepping ~*~*~tactically~*~*~ (outnumbered).
  5791 | D:8      | 5791 ||| INVOKING Spit Poison.
  5794 | D:8      | 5794 ||| INVOKING Spit Poison.
  5798 | D:8      | 5798 ||| INVOKING Spit Poison.
  5801 | D:8      | 5801 ||| INVOKING Spit Poison.
  5806 | D:8      | 5806 ||| INVOKING Spit Poison.
  5810 | D:8      | 5810 ||| INVOKING Spit Poison.
  5813 | D:8      | 5813 ||| INVOKING Spit Poison.
  5815 | D:8      | 5815 ||| INVOKING Heroism.
  5836 | D:8      | 5836 ||| INVOKING Spit Poison.
  5988 | D:8      | 5988 ||| INVOKING Spit Poison.
  6028 | D:8      | 6028 ||| INVOKING Spit Poison.
  6032 | D:8      | 6032 ||| INVOKING Spit Poison.
  6044 | D:8      | You fall into a shaft and drop 3 floors!
  6060 | D:11     | 6060 ||| INVOKING Heroism.
  6062 | D:11     | 6062 ||| INVOKING Spit Poison.
  6068 | D:11     | Reached skill level 11 in Ranged Weapons
  6069 | D:11     | 6069 ||| INVOKING Spit Poison.
  6081 | D:11     | 6081 ||| UPGRADING to +0 barding.
  6086 | D:11     | 6086 ||| UPGRADING to +3 leather armour.
  6096 | D:11     | 6096 ||| DROPPING +0 leather armour.
  6101 | D:10     | Entered Level 10 of the Dungeon
  6232 | D:9      | Found a staircase to the Orcish Mines.
  6263 | D:9      | Noticed a hornet
  6264 | D:9      | 6264 ||| INVOKING Spit Poison.
  6268 | D:9      | Killed a hornet
  6269 | D:9      | Reached XP level 10. HP: 94/94 MP: 9/11
  6271 | D:9      | 6271 ||| INVOKING Spit Poison.
  6276 | D:9      | 6276 ||| INVOKING Spit Poison.
  6441 | D:8      | 6441 ||| INVOKING Heroism.
  6442 | D:8      | 6442 ||| INVOKING Spit Poison.
  6451 | D:8      | Reached skill level 3 in Invocations
  6456 | D:8      | 6456 ||| INVOKING Spit Poison.
  6713 | D:8      | Found a staircase to the Lair.
  6718 | D:8      | 6718 ||| PLANNING LAIR
  6718 | D:8      | 6718 ||| DROPPING +1 leather armour of positive energy.
  6724 | Lair:1   | Entered Level 1 of the Lair of Beasts
  6725 | Lair:1   | 6725 ||| INVOKING Heroism.
  6726 | Lair:1   | 6726 ||| INVOKING Spit Poison.
  6729 | Lair:1   | 6729 ||| INVOKING Spit Poison.
  6732 | Lair:1   | Reached skill level 3 in Armour
  6759 | Lair:1   | 6759 ||| INVOKING Spit Poison.
  6759 | Lair:1   | Reached ** piety under Okawaru
  6792 | Lair:1   | Noticed a black mamba
  6793 | Lair:1   | 6793 ||| INVOKING Heroism.
  6793 | Lair:1   | Noticed a cane toad
  6794 | Lair:1   | 6794 ||| INVOKING Spit Poison.
  6797 | Lair:1   | Noticed an elephant
  6798 | Lair:1   | 6798 ||| DRINKING potion of cancellation.
  6799 | Lair:1   | 6799 ||| INVOKING Spit Poison.
  6801 | Lair:1   | Killed a black mamba
  6802 | Lair:1   | 6802 ||| Stepping ~*~*~tactically~*~*~ (outnumbered).
  6803 | Lair:1   | HP: 11/94 [cane toad (16)]
  6804 | Lair:1   | 6804 ||| READING 4 scrolls of teleportation.
  6804 | Lair:1   | Slain by a komodo dragon

Levels and vault maps discovered:
D:1:      spicycebolla_green_bress_n_ham_2, layout_basic, supply_closet_lemuel
D:2:      layout_loops_ring, serial_shops, shop, basic_ecumenical_altar,
          basic_altar, grunt_ministairs_2, minivault_4,
          amcnicky_mini_pool_small, reono_crystal_passage
D:3:      layout_rooms, overflow_temple_1_default,
          mainiacjoe_overflow_large_starburst,
          chequers_temple_overflow_statue_of_worship
D:4:      layout_gridville, serial_shops, nicolae_shop_crystal, minmay_ruptured
D:5:      layout_basic, uniq_crazy_yiuf_cottage
D:6:      layout_loops_cross, minmay_misc_feat_hallway
D:7:      layout_loops_ring, fedhas_ov_isle_minmay, zin_treasury,
          minmay_temple_entry_nine_rooms
D:8:      layout_cave_pools, cheibrodos_ashenzari_chains, lair_entry_dummy,
          special_room [special_room_orc], kennysheep_dice
D:9:      layout_roguey, orc_0_dummy, chequers_serial_rivers_small_3,
          moated_statue, uniq_maurice, uniq_amaemon
D:10:     minmay_shrinking_squares, layout_basic, uniq_joseph
D:11:     layout_rooms, hex_medium
Temple:   nicolae_temple_great_sept
Lair:1:   layout_regular_city, lemuel_fruit_fields, grunt_megastairs_1

Skill      XL: |  1  2  3  4  5  6  7  8  9 10 |
---------------+-------------------------------+-----
Ranged Weapons | 4 5 6 7 9 11 | 11.0
Fighting       | 3 4 6 7 |  7.1
Dodging        | 2 3 |  3.8
Armour         | 1 3 |  3.2
Invocations    | 2 4 |  4.0
Stealth        | |  1.5

Action                     |  1- 3 |  4- 6 |  7- 9 | 10-12 || total
---------------------------+-------+-------+-------+-------++-------
   Fire: Shortbow          |    48 |    15 |       |       ||    63
         Orcbow            |       |   100 |   148 |       ||   248
         Arbalest          |       |       |   155 |    27 ||   182
 Invoke: Heroism           |       |       |     3 |     3 ||     6
Ability: Spit Poison       |    21 |    35 |    75 |     9 ||   140
    Use: Scroll            |     2 |     5 |    12 |     1 ||    20
         Potion            |       |     2 |     2 |     1 ||     5
 Armour: Leather armour    |     3 |    39 |   162 |    13 ||   217
  Dodge: Dodged            |    12 |    36 |   169 |    11 ||   228
  Block: Other             |       |       |    27 |     5 ||    32
         Reflection        |       |       |     2 |       ||     2

Table legend:
 A = Non-vault XP
 B = Vault XP
 C = Vault XP percentage of total XP
 D = Non-vault monster count
 E = Vault monster count
 F = Vault count percentage of total count
                 A         B        C        D         E       F
            +---------+---------+-------+---------+---------+-------
      Total |    5786 |     811 |  12.3 |     168 |      31 |  15.6
            +---------+---------+-------+---------+---------+-------
        D:1 |      27 |       0 |   0.0 |      15 |       0 |   0.0
        D:2 |      69 |      16 |  18.8 |      16 |       2 |  11.1
        D:3 |     143 |       0 |   0.0 |      24 |       0 |   0.0
        D:4 |     328 |     142 |  30.2 |      30 |       6 |  16.7
        D:5 |     298 |       0 |   0.0 |      20 |       0 |   0.0
        D:6 |     609 |       0 |   0.0 |      16 |       0 |   0.0
        D:7 |    1644 |       0 |   0.0 |      22 |       0 |   0.0
        D:8 |    1140 |     653 |  36.4 |      12 |      23 |  65.7
        D:9 |     502 |       0 |   0.0 |       6 |       0 |   0.0
       D:11 |     145 |       0 |   0.0 |       4 |       0 |   0.0
     Lair:1 |     881 |       0 |   0.0 |       3 |       0 |   0.0
            +---------+---------+-------+---------+---------+-------
